 Dungeon Crawl Stone Soup version 0.30-a0-165-g1891117ce2 (webtiles) character file.

Game seed: 4650774301115901735

688 qw the Chopper (level 7, -5/43 HPs)
             Began as a Gargoyle Fighter on Sept 28, 2022.
             Was an Initiate of Okawaru.
             Slain by an ogre
             ... wielding a +0 giant spiked club
              (12 damage)
             ... on level 5 of the Dungeon.
             The game lasted 00:01:51 (5015 turns).

qw the Chopper (Gargoyle Fighter)                   Turns: 5015, Time: 00:01:51

Health: -5/43      AC: 13    Str: 22    XL:     7   Next: 63%
Magic:  7/7        EV:  7    Int:  8    God:    Okawaru [......]
Gold:   25         SH:  4    Dex:  9    Spells: 6/6 levels left

rFire   . . .      SeeInvis .    Y - +0 war axe
rCold   . . .      Faith    .    c - +0 buckler
rNeg    + . .      Spirit   .    l - +0 chain mail
rPois   inf        Reflect  .    (no helmet)
rElec   +          Harm     .    (no cloak)
rCorr   .          Rampage  .    (no gloves)
Will    .....                    (no boots)
Stlth   ..........               k - amulet of regeneration
HPRegen 0.94/turn                (no ring)
MPRegen 0.10/turn                (no ring)

@: no status effects
A: sickness immunity, AC +4, negative energy resistance 1, electricity
resistance, torment resistance 1, petrification resistance
a: Renounce Religion


You were on level 5 of the Dungeon.
You worshipped Okawaru.
Okawaru was noncommittal.
You visited 2 branches of the dungeon, and saw 6 of its levels.

You collected 325 gold pieces.
You spent 300 gold pieces at shops.


Innate Abilities, Weirdness & Mutations

You are immune to sickness and miasma.
Your stone body is resilient. (AC +4)
You are immune to poison.
You resist negative energy. (rN+)
You are resistant to electric shocks. (rElec)
You are resistant to unholy torment.
You are immune to petrification.


   Skills:
 + Level 4.1 Fighting
 - Level 7.0 Axes
 - Level 1.1 Throwing
 - Level 3.2 Armour
 - Level 1.0 Dodging
 - Level 3.2 Shields


You had 6 spell levels left.
You didn't know any spells.
Your spell library was empty.

Inventory:

Hand Weapons
 a - a +0 whip
 Y - a +0 war axe (weapon)
Missiles
 b - 3 boomerangs
 h - a javelin (quivered)
Armour
 c - a +0 buckler (worn)
 l - a +0 chain mail (worn)
Jewellery
 g - a ring of ice
 k - an amulet of regeneration (around neck)
 o - a ring of willpower
Scrolls
 m - 3 scrolls of identify
 p - a scroll of magic mapping {unknown}
Potions
 d - 2 potions of might
 e - a potion of cancellation {unknown}
 f - a potion of curing
 i - 3 potions of lignification
 j - a potion of attraction {unknown}
 n - a potion of mutation {unknown}

Dungeon Overview and Level Annotations

Branches:
Dungeon (5/15)             Temple (1/1) D:5

Altars:
Ashenzari
Cheibriados
Dithmenos
Elyvilon
Fedhas
Gozag
Hepliaklqana
Makhleb
Nemelex Xobeh
Okawaru
Qazlal
Ru
Sif Muna
Trog
Uskayaw
Vehumet
Wu Jian
Xom
Yredelemnul
Zin
The Shining One

Shops:
D:2 [=   D:5 =


Message History

You closely miss the orc.
The orc is severely wounded.
You slash the orc!
You kill the orc!
Okawaru accepts your kill. The orc barely misses you.
You slash the orc!
You kill the orc!
Okawaru accepts your kill.
An orc priest comes into view. It is wielding a +0 morningstar.
Things that are here:
a +0 whip; an orc corpse You hit the orc priest but do no damage.
The orc priest barely misses you. You block the orc priest's attack.
An ogre comes into view. It is wielding a +0 giant spiked club.
You slash the orc priest!
You kill the orc priest!
Okawaru accepts your kill.
Your Axes skill increases to level 7!
You slash the ogre!
The ogre is heavily wounded.
You slash the orc!
You kill the orc!
Okawaru accepts your kill.
The ogre hits you with a +0 giant spiked club.
You hit the ogre but do no damage.
The ogre is heavily wounded.
The ogre barely misses you.
You completely miss the ogre.
The ogre is heavily wounded.
The orc priest invokes the aid of Beogh against you.
Beogh smites you!
You hit the ogre.
The ogre is severely wounded.
The ogre hits you with a +0 giant spiked club!!
Ouch! That really hurt!
You hit the ogre.
The ogre is severely wounded.
The ogre hits you with a +0 giant spiked club!
You die...

#.....\.....##.#.##.#.#.
#...........##.#.#....#.
#...>.......##.#......#.
...##...........##.##.....#.
......8.............#.#+#.##
#########..........#..........
...................#..###.##.#
#########..........#..........
#...O@o....#..#.##.#..
##'##)#'##.#.....#.#..
#.##.#.##.#.....#.#..
#.##(#.##.#.......#.. #.##.#
#.....###.. #.##(# #..........
#.##.# #.#...###.# #.##.(
............ #.# #.#.###......


You could see an ogre and an orc priest.

Vanquished Creatures
  An ice beast (D:5)
  A black bear (D:4)
  2 scorpions
  An orc priest (D:5)
  An iguana (D:5)
  Natasha (thrice) (D:3)
  9 adders
  A gnoll (D:2)
  A shadow imp (D:5)
  2 ufetubi (D:4)
  2 worms
  6 dart slugs
  13 orcs
  11 endoplasms
  5 giant cockroaches
  15 hobgoblins
  4 jackals
  6 kobolds
  2 quokkas
  8 ball pythons
  5 bats
  4 frilled lizards (D:2)
  20 goblins
  7 rats
130 creatures vanquished.

Notes
Turn   | Place    | Note
-------+----------+-------------------------------------------
     0 | D:1      | qw the Gargoyle Fighter began the quest for the Orb.
     0 | D:1      | Reached XP level 1. HP: 14/14 MP: 1/1
     0 | D:1      | 0 ||| qw: Version: 0.2-a-12-gaebbb33
     0 | D:1      | 0 ||| qw: Game counter: 877
     0 | D:1      | 0 ||| qw: Always use a shield: true
     0 | D:1      | 0 ||| qw: God list: Okawaru
     0 | D:1      | 0 ||| qw: Allow faded altars: false
     0 | D:1      | 0 ||| qw: Do Orc after D:15 true
     0 | D:1      | 0 ||| qw: Do second Lair branch before Depths: true
     0 | D:1      | 0 ||| qw: Lair rune preference: random
     0 | D:1      | 0 ||| qw: Plans: Normal, Zot:1-4, God:TSO, Crypt, Tomb,
                  | Pan, Slime:5, Hells, Abyss, Orb
     0 | D:1      | 0 ||| PLANNING D:1-11
    28 | D:1      | 28 ||| Stepping ~*~*~tactically~*~*~ (stealth).
    45 | D:1      | Reached skill level 2 in Axes
   161 | D:1      | 161 ||| Stepping ~*~*~tactically~*~*~ (hiding).
   163 | D:1      | Reached XP level 2. HP: 19/19 MP: 2/2
   271 | D:1      | 271 ||| Stepping ~*~*~tactically~*~*~ (stealth).
   562 | D:1      | 562 ||| Stepping ~*~*~tactically~*~*~ (stealth).
   563 | D:1      | 563 ||| Stepping ~*~*~tactically~*~*~ (stealth).
   565 | D:1      | Reached skill level 3 in Axes
   572 | D:1      | 572 ||| Stepping ~*~*~tactically~*~*~ (stealth).
   573 | D:1      | 573 ||| Stepping ~*~*~tactically~*~*~ (stealth).
   574 | D:1      | 574 ||| Stepping ~*~*~tactically~*~*~ (stealth).
   577 | D:1      | Reached XP level 3. HP: 23/23 MP: 3/3
   968 | D:1      | 968 ||| Stepping ~*~*~tactically~*~*~ (hiding).
   970 | D:1      | 970 ||| Stepping ~*~*~tactically~*~*~ (hiding).
  1084 | D:1      | Found a faded altar of an unknown god.
  1284 | D:1      | 1284 ||| READING scroll labelled CAIKUIGAZE.
  1285 | D:1      | 1285 ||| READING scroll labelled NESTAETHEK.
  1286 | D:1      | 1286 ||| DRINKING 3 ruby potions.
  1336 | D:2      | 1336 ||| STAIRDANCE
  1572 | D:2      | 1572 ||| DROPPING +0 club.
  1601 | D:2      | Reached XP level 4. HP: 28/28 MP: 4/4
  1607 | D:2      | 1607 ||| Stepping ~*~*~tactically~*~*~ (hiding).
  1609 | D:2      | 1609 ||| Stepping ~*~*~tactically~*~*~ (hiding).
  1753 | D:2      | 1753 ||| Stepping ~*~*~tactically~*~*~ (stealth).
  1754 | D:2      | 1754 ||| Stepping ~*~*~tactically~*~*~ (stealth).
  1813 | D:2      | Reached skill level 4 in Axes
  1925 | D:2      | Found Xacifim's Armour Emporium.
  1979 | D:2      | 1979 ||| SHOPLISTING +0 ice dragon scales (600 gold, have
                  | 87).
  1979 | D:2      | 1979 ||| SHOPLISTING +2 pair of gloves of stealth (215
                  | gold, have 87).
  1979 | D:2      | 1979 ||| SHOPLISTING +3 chain mail of poison resistance
                  | (235 gold, have 87).
  2005 | D:2      | 2005 ||| Stepping ~*~*~tactically~*~*~ (stealth).
  2027 | D:2      | Found Joesk's Jewellery Shoppe.
  2033 | D:2      | 2033 ||| SHOPLISTING +6 ring of dexterity (360 gold, have
                  | 99).
  2033 | D:2      | 2033 ||| SHOPLISTING +6 ring of strength (360 gold, have
                  | 99).
  2033 | D:2      | 2033 ||| SHOPLISTING amulet of reflection (300 gold, have
                  | 99).
  2033 | D:2      | 2033 ||| SHOPLISTING amulet of regeneration (300 gold, have
                  | 99).
  2033 | D:2      | 2033 ||| SHOPLISTING ring of ice (250 gold, have 99).
  2033 | D:2      | 2033 ||| SHOPLISTING ring of positive energy (200 gold,
                  | have 99).
  2033 | D:2      | 2033 ||| SHOPLISTING ring of protection from fire (250
                  | gold, have 99).
  2033 | D:2      | 2033 ||| SHOPLISTING ring of resist corrosion (200 gold,
                  | have 99).
  2132 | D:2      | 2132 ||| Stepping ~*~*~tactically~*~*~ (stealth).
  2136 | D:2      | 2136 ||| FLEEEEING.
  2137 | D:2      | 2137 ||| FLEEEEING.
  2138 | D:2      | 2138 ||| FLEEEEING.
  2139 | D:2      | 2139 ||| FLEEEEING.
  2140 | D:2      | 2140 ||| FLEEEEING.
  2141 | D:2      | 2141 ||| FLEEEEING.
  2142 | D:2      | 2142 ||| FLEEEEING.
  2145 | D:2      | 2145 ||| STAIRDANCE
  2165 | D:1      | 2165 ||| DROPPING ring of wizardry.
  2166 | D:1      | 2166 ||| READING scroll labelled KUMUKO FOHIGRIUN.
  2167 | D:1      | 2167 ||| READING scroll labelled ARCHEN SELUAM.
  2168 | D:1      | 2168 ||| READING scroll labelled VIMOXORELIS.
  2443 | D:3      | Reached XP level 5. HP: 30/32 MP: 5/5
  2482 | D:3      | Reached skill level 1 in Throwing
  2514 | D:3      | Noticed Natasha
  2515 | D:3      | 2515 ||| Stepping ~*~*~tactically~*~*~ (hiding).
  2524 | D:3      | Killed Natasha
  2720 | D:3      | Noticed Natasha
  2721 | D:3      | 2721 ||| Stepping ~*~*~tactically~*~*~ (stealth).
  2950 | D:3      | 2950 ||| Stepping ~*~*~tactically~*~*~ (stealth).
  2960 | D:3      | Reached skill level 5 in Axes
  3197 | D:3      | Killed Natasha
  3211 | D:3      | Noticed Natasha
  3212 | D:3      | 3212 ||| Stepping ~*~*~tactically~*~*~ (hiding).
  3222 | D:3      | Killed Natasha
  3223 | D:3      | Reached XP level 6. HP: 29/38 MP: 6/6
  3403 | D:3      | 3403 ||| UPGRADING to +0 chain mail.
  3413 | D:3      | 3413 ||| DROPPING +0 scale mail.
  3414 | D:3      | 3414 ||| UPGRADING to amulet of regeneration.
  3419 | D:3      | 3419 ||| READING scroll labelled CEAROL KIDA.
  3496 | D:4      | Found a sacrificial altar of Ru.
  3552 | D:4      | 3552 ||| Stepping ~*~*~tactically~*~*~ (stealth).
  3565 | D:4      | 3565 ||| Stepping ~*~*~tactically~*~*~ (stealth).
  3693 | D:4      | Noticed a black bear
  3702 | D:4      | Killed a black bear
  3703 | D:4      | Reached skill level 6 in Axes
  3759 | D:4      | 3759 ||| Stepping ~*~*~tactically~*~*~ (stealth).
  3766 | D:4      | Reached XP level 7. HP: 43/43 MP: 7/7
  3806 | D:4      | 3806 ||| Stepping ~*~*~tactically~*~*~ (hiding).
  3896 | D:4      | Found a radiant altar of Vehumet.
  3897 | D:4      | Found an ornate altar of the Wu Jian Council.
  4016 | D:4      | Reached skill level 1 in Dodging
  4199 | D:4      | 4199 ||| READING scroll labelled YWADISM MI RUO.
  4200 | D:4      | 4200 ||| READING scroll labelled WOUNKU XADULA.
  4201 | D:4      | 4201 ||| DRINKING 2 lumpy ruby potions.
  4202 | D:4      | 4202 ||| DROPPING potion of magic.
  4218 | D:5      | Entered Level 5 of the Dungeon
  4220 | D:5      | 4220 ||| STAIRDANCE
  4292 | D:5      | 4292 ||| Stepping ~*~*~tactically~*~*~ (hiding).
  4434 | D:5      | Found a staircase to the Ecumenical Temple.
  4435 | D:5      | 4435 ||| PLANNING TEMPLE
  4435 | D:5      | 4435 ||| READING scroll labelled PUPTUA WEINN.
  4436 | D:5      | 4436 ||| DRINKING 2 cyan potions.
  4443 | Temple   | Entered the Ecumenical Temple
  4573 | Temple   | 4573 ||| PLANNING OKAWARU WORSHIP
  4664 | Temple   | Became a worshipper of Warmaster Okawaru
  4665 | Temple   | 4665 ||| PLANNING D:1-11
  4813 | D:5      | HP: 2/43 [ice beast (11)]
  4814 | D:5      | 4814 ||| READING scroll of teleportation.
  4961 | D:5      | Found Vumehuon's Jewellery Shop.
  4983 | D:5      | 4983 ||| SHOPLISTING +4 ring of protection (432 gold, have
                  | 325).
  4983 | D:5      | 4983 ||| SHOPLISTING +6 ring of dexterity (432 gold, have
                  | 325).
  4983 | D:5      | 4983 ||| SHOPLISTING amulet of Sehumpuk {Acrobat Contam
                  | rPois Regen+} (427 gold, have 325).
  4983 | D:5      | 4983 ||| SHOPLISTING amulet of reflection (360 gold, have
                  | 325).
  4983 | D:5      | 4983 ||| SHOPLISTING ring "Nilusoe" {rC+ AC+4} (600 gold,
                  | have 325).
  4983 | D:5      | 4983 ||| SHOPLISTING ring of Twilight {Ice rElec Int+4
                  | Dex+2} (619 gold, have 325).
  4983 | D:5      | 4983 ||| BUYING ring of willpower (300 gold).
  4983 | D:5      | Bought a ring of willpower for 300 gold pieces
  5010 | D:5      | Reached skill level 7 in Axes
  5014 | D:5      | HP: 6/43 [ogre/+0 giant spiked club (23)]
  5015 | D:5      | Slain by an ogre

Levels and vault maps discovered:
D:1:      tarquinn_simple_flora_water_e, layout_loops_ring,
          hellmonk_ecumenical_altar_defaced_shrine
D:2:      layout_basic, serial_shops, nicolae_shop_hallway_plus,
          nicolae_shop_behind_doors, chequers_serial_rivers_micro_c
D:3:      cheibrodos_greedy_goblins, layout_basic, uniq_natasha
D:4:      layout_loops_ring, nicolae_ru_awakened_eye,
          mainiacjoe_overflow_divided_tiny
D:5:      layout_basic, general_overflow_altar, minmay_temple_entry_junction_2,
          nicolae_stop_n_shop_1, uniq_ijyb
Temple:   mainiacjoe_temple_bowtie_tessellation

Skill      XL: |  1  2  3  4  5  6  7 |
---------------+----------------------+-----
Axes           | 2 3 4 5 6 7 |  7.0
Throwing       | 1 |  1.1
Fighting       | 4 |  4.1
Dodging        | 1 |  1.0
Armour         | |  3.2
Shields        | |  3.2

Action                   |  1- 3 |  4- 6 |  7- 9 || total
-------------------------+-------+-------+-------++-------
Melee: War axe           |   111 |   200 |    62 ||   373
Throw: Javelin           |       |    34 |    14 ||    48
  Use: Scroll            |     2 |     4 |     4 ||    10
       Potion            |     1 |       |     2 ||     3
 Stab: Distracted        |       |     1 |       ||     1
Armor: Scale mail        |    71 |    89 |       ||   160
       Chain mail        |       |    34 |    30 ||    64
Dodge: Dodged            |    51 |    84 |    18 ||   153
Block: Buckler           |    20 |    39 |     6 ||    65

Table legend:
 A = Non-vault XP
 B = Vault XP
 C = Vault XP percentage of total XP
 D = Non-vault monster count
 E = Vault monster count
 F = Vault count percentage of total count
                 A         B        C        D         E       F
            +---------+---------+-------+---------+---------+-------
      Total |     916 |      68 |   6.9 |     111 |      19 |  14.6
            +---------+---------+-------+---------+---------+-------
        D:1 |      49 |      10 |  16.9 |      29 |       5 |  14.7
        D:2 |      87 |       0 |   0.0 |      26 |       0 |   0.0
        D:3 |     141 |      58 |  29.1 |      15 |      14 |  48.3
        D:4 |     321 |       0 |   0.0 |      30 |       0 |   0.0
        D:5 |     318 |       0 |   0.0 |      11 |       0 |   0.0
            +---------+---------+-------+---------+---------+-------
